 Dungeon Crawl Stone Soup version 0.30-b1-2-g02819fbbbe (webtiles) character file.

Game seed: 16266096614957580662

31 Arum the Shield-Bearer (level 3, -1/30 HPs)
             Began as a Formicid Fighter on May 15, 2023.
             Was an Initiate of Gozag.
             Slain by a cerulean imp
             ... wielding a +1 spear
             ... summoned by Natasha
              (3 damage)
             ... on level 2 of the Dungeon.
             The game lasted 00:00:54 (913 turns).

Arum the Shield-Bearer (Formicid Fighter)            Turns: 913, Time: 00:00:54

Health: -1/30      AC:  7    Str: 22    XL:     3   Next: 40%
Magic:  3/3        EV:  9    Int:  7    God:    Gozag
Gold:   81         SH:  5    Dex: 13    Spells: 2/2 levels left

rFire   . . .        a - +0 flail
rCold   . . .        c - +0 buckler
rNeg    . . .        b - +0 scale mail
rPois   .            (helmet unavailable)
rElec   .            (no cloak)
rCorr   .            (no gloves)
SInv    +            (no boots)
Will    .....        (no amulet) Stlth
                     (no ring)
HPRegen 0.25/turn    (no ring)
MPRegen 0.08/turn

%: no passive effects
@: no status effects
A: permanent stasis, dig shafts and tunnels, antennae 3, four strong arms
a: Dig, Shaft Self, Renounce Religion, Potion Petition, Call Merchant, Bribe
Branch


You were on level 2 of the Dungeon.
You worshipped Gozag.
Gozag was noncommittal.
You visited 1 branch of the dungeon, and saw 2 of its levels.

You collected 81 gold pieces.

Inventory:

Hand Weapons
 a - a +0 flail (weapon)
Armour
 b - a +0 scale mail (worn)
 c - a +0 buckler (worn)
Scrolls
 f - 2 scrolls of fear {unknown}
 h - 2 scrolls of amnesia {unknown}
 i - a scroll of identify {unknown}
 j - a scroll of silence {unknown}
Potions
 d - 4 potions of might
 e - a potion of magic {unknown}
 g - a potion of attraction {unknown}
 k - a potion of berserk rage {unknown}


   Skills:
 + Level 3.8 Fighting
 + Level 2.6 Maces & Flails
 + Level 3.8 Armour
 - Level 4.0 Shields


You had 2 spell levels left.
You didn't know any spells.
Your spell library contained the following spells:

 Spells                   Type           Power      Damage    Failure   Level
 Spider Form              Tmut/Pois      0%         N/A       99%         3
 Eringya's Noxious Bog    Tmut/Pois      0%         N/A       100%        6
 Statue Form              Tmut/Erth      0%         N/A       100%        6


Dungeon Overview and Level Annotations

Branches:
Dungeon (2/15)

Altars:
Gozag

Annotations:
D:2 Natasha


Innate Abilities, Weirdness & Mutations

You cannot be hasted, slowed, berserked, paralysed or teleported.
You can dig through walls and to a lower floor.
You have a pair of large antennae on your head. (SInv)
Your four strong arms can wield two-handed weapons with a shield.


Message History

HP restored.
You now have 65 gold pieces (gained 8).
You sense a monster nearby.
You now have 81 gold pieces (gained 16).
h - 2 scrolls labelled KYLOME MAI (gained 1) Natasha, Servant of Life and Death comes into view.
She is carrying a wand of digging (5).
Natasha hisses angrily.
Natasha is nearby!
Natasha is nearby!
Natasha zaps a wand.
Some rock shatters into small pieces.
Natasha claws you.
You barely miss Natasha. Natasha claws you.
You miss Natasha. Natasha claws you.
You thump Natasha!
Natasha is heavily wounded.
Natasha claws you.
You barely miss Natasha.
Natasha is heavily wounded.
Natasha mumbles some strange words.
You block Natasha's attack.
You closely miss Natasha.
Natasha is heavily wounded.
Natasha claws you.
You barely miss Natasha.
Natasha is heavily wounded.
The cerulean imp hits you from afar with a +1 spear.
* * * LOW HITPOINT WARNING * * *
Natasha growls.
Natasha closely misses you.
You barely miss Natasha.
Natasha is heavily wounded.
You block the cerulean imp's attack. Natasha closely misses you.
The cerulean imp hits you from afar with a +1 spear.
* * * LOW HITPOINT WARNING * * *
Natasha barely misses you.
You closely miss Natasha.
Natasha is heavily wounded.
The cerulean imp hits you from afar with a +1 spear.
You die...
Your body crumbles into a pile of gold.

..
#.......#
#.
#.#####.#
## #.
#.......#
#.# #.
.######.##
#.# #. {
..
#.....##.#
{{ ...
#.##..#.#
....
#.##...#
.....
#.#...##
######
#.#.@.#
#.#h#.#
#.5. .#
###. ## #.
$ .. ##


You could see Natasha and a cerulean imp (summoned).

Vanquished Creatures
  A gnoll (D:1)
  3 endoplasms
  4 giant cockroaches (D:1)
  A goblin (D:1)
  A hobgoblin (D:2)
  A quokka (D:1)
  2 ball pythons (D:1)
  2 bats (D:1)
  A frilled lizard (D:1)
  4 kobolds (D:1)
20 creatures vanquished.

Notes
Turn   | Place    | Note
-------+----------+-------------------------------------------
     0 | D:1      | Arum the Formicid Fighter began the quest for the Orb.
     0 | D:1      | Reached XP level 1. HP: 18/18 MP: 1/1
    31 | D:1      | Got the Compendium of Transfiguration
   138 | D:1      | Reached XP level 2. HP: 24/24 MP: 2/2
   452 | D:1      | Reached XP level 3. HP: 18/30 MP: 3/3
   802 | D:2      | Found a faded altar of an unknown god.
   817 | D:2      | Prayed at the altar of an unknown god.
   817 | D:2      | Became a worshipper of Gozag Ym Sagoz the Greedy
   902 | D:2      | Noticed Natasha
   913 | D:2      | Slain by a cerulean imp

Illustrated notes

Levels and vault maps discovered:
D:1:      dpeg_arrival_stonehenge_12_columns, layout_loops_ring
D:2:      layout_loops_cross, shapermc_ecumenical_altar_acropolis, uniq_natasha

Action                     || total
---------------------------++-------
  Melee: Flail             ||    57
 Armour: Scale mail        ||    15
  Dodge: Dodged            ||    16
  Block: Buckler           ||    15
